 Dungeon Crawl Stone Soup version 0.17-a0-1941-gcc30b76 (webtiles) character file.

48 Ordine the Digger (level 3, 0/19 HPs)
             Began as a Gargoyle Earth Elementalist on Sept 30, 2015.
             Slain by an adder (3 damage)
             ... on level 2 of the Dungeon.
             The game lasted 00:04:51 (1401 turns).

Ordine the Digger (Gargoyle Earth Elementalist)     Turns: 1401, Time: 00:04:51

Health: 0/19       AC:  6    Str: 11    XL:     3   Next: 72%
Magic:  2/7        EV: 12    Int: 16    God:
Gold:   76         SH:  0    Dex: 10    Spells: 3 memorised, 2 levels left

rFire  . . .     SeeInvis .     j - +0 club
rCold  . . .     Clarity  .     b - +1 robe
rNeg   + . .     SustAt   .     (no shield)
rPois  ∞         Gourm    .     (no helmet)
rElec  +         Spirit   .     (no cloak)
rCorr  .         Warding  .     (no gloves)
rMut   .         Stasis   .     (no boots)
MR     .....                    (no amulet)
Stlth  ++........               (no ring)
                                (no ring)

@: not resistant to hostile enchantments, unstealthy
A: negative energy resistance 1, electricity resistance, unbreathing,
petrification resistance, rot immunity, AC +3
a: no special abilities


You were on level 2 of the Dungeon.
You were hungry.

You visited 1 branch of the dungeon, and saw 2 of its levels.

You collected 76 gold pieces.

Inventory:

Hand weapons
 j - a +0 club (weapon)
Missiles
 a - 102 stones (quivered)
Armour
 b - a +1 robe (worn)
Potions
 f - 4 potions of heal wounds
 i - a potion of might
 k - 2 potions of haste {unknown}
 l - a potion of brilliance {unknown}
 n - 2 potions of flight {unknown}
Books
 c - a book of Geomancy

   Spells                             Type                      Level
   a - Sandblast                      Earth                        1
   b - Stoneskin                      Transmutation/Earth          2
   c - Passwall                       Transmutation/Earth          3
   d - Stone Arrow                    Conjuration/Earth            3
   e - Petrify                        Transmutation/Earth          4
   f - Lee's Rapid Deconstruction     Earth                        5
Comestibles
 d - a bread ration
 h - a meat ration


   Skills:
 - Level 1.5 Dodging
 - Level 2.1 Stealth
 * Level 3.2 Spellcasting
 + Level 0.7 Conjurations
 - Level 0.7 Transmutations
 + Level 4.1 Earth Magic


You had 2 spell levels left.
You knew the following spells:

 Your Spells              Type           Power        Failure   Level  Hunger
a - Sandblast             Erth           ###...       4%          1    None
b - Stone Arrow           Conj/Erth      ##....       21%         3    ###....
c - Stoneskin             Trmt/Erth      ##......     12%         2    ##.....


Dungeon Overview and Level Annotations

Branches:
Dungeon (2/15)

Altars:
Nemelex Xobeh


Innate Abilities, Weirdness & Mutations

You are resistant to torment.
Your stone body is resilient (AC +3).
You are immune to poison.
You resist negative energy.
You are resistant to electric shocks.
You can survive without breathing.
You are immune to petrification.
You are immune to rotting.


Message History

The blast of sand misses the adder.
The blast of sand hits the quokka.
You kill the quokka!
The adder bites you but does no damage.
Casting: Sandblast
Confirm with . or Enter, or press ? or * to list all spells.
Aiming: Sandblast
Press: ? - help, Shift-Dir - straight line, f/p - adder
Aim: an adder (lightly wounded)
The blast of sand hits the adder.
The adder is moderately wounded.
The adder barely misses you.
Casting: Sandblast
Confirm with . or Enter, or press ? or * to list all spells.
Aiming: Sandblast
Press: ? - help, Shift-Dir - straight line, f/p - adder
Aim: an adder (moderately wounded)
The blast of sand hits the adder.
The adder is severely wounded.
The adder bites you but does no damage. The adder bites you.
You die...

#....# ##.# ...
##...###.## #... ...#
##.###.## ..... ..#
#..#.## # .... ..# #.#.##
.. #..##.# #.### ...
#.....# #.########
#.!#.....####........#
##....(..gS@..........###
$.........#####..).......
#.......# #.......#
####.#### #.#...#(# #.
#.......# ##.# ##....###
#...# #.####
#...########.#####
#...##...........# ###


You could see an adder and a hobgoblin.

Vanquished Creatures
  An adder (D:2)
  4 bats (D:1)
  2 giant cockroaches (D:1)
  4 hobgoblins
  12 jackals (D:1)
  4 kobolds
  A quokka (D:2)
  4 goblins
  6 rats
38 creatures vanquished.

Notes
Turn   | Place    | Note
--------------------------------------------------------------
     0 | D:1      | Ordine the Gargoyle Earth Elementalist began the quest for the Orb.
     0 | D:1      | Reached XP level 1. HP: 10/10 MP: 3/3
   392 | D:1      | Reached XP level 2. HP: 9/15 MP: 2/5
   663 | D:1      | Reached skill level 4 in Earth Magic
   699 | D:1      | Reached XP level 3. HP: 15/19 MP: 7/7
   704 | D:1      | Learned a level 3 spell: Stone Arrow
   707 | D:1      | Learned a level 2 spell: Stoneskin
  1030 | D:2      | Found a sparkling altar of Nemelex Xobeh.
  1401 | D:2      | Slain by an adder

Vault maps used:
D:1:      dpeg_arrival_line_fractal
D:2:      nemelex_xobeh_ov_fountains_minmay,
          nicolae_gozag_cash_rules_everything_around_me

Action                   || total
-------------------------++-------
Melee: Unarmed           ||    23
       Club              ||    47
 Cast: Sandblast         ||    59
  Use: Scroll            ||     5
 Stab: Sleeping          ||     1
  Eat: Chunk             ||     1
